[Event "Team 45 45 League T48"]
[Site "Internet Chess Club"]
[Date "2011.03.13"]
[Round "5"]
[White "randallsr"]
[Black "flyingpawns"]
[Result "0-1"]
[WhiteElo "1772"]
[BlackElo "1767"]
[Opening "English opening: Agincourt variation"]
[ECO "A13"]
[Time "11:02:22"]
[TimeControl "2700+45"]

1. Nf3 e6 2. c4 d5 3. cxd5 exd5 4. b3 Nf6 5. Bb2 g6 6. g3 Bg7 7. Bg2 O-O 8. O-O
c6 9. d3 Qc7 10. Nbd2 Be6 11. Rc1 Nbd7 12. Ng5 Rfe8 13. Nxe6 Rxe6 14. Rc2 Qb6
15. Nf3 Nh5 16. Bxg7 Nxg7 17. d4 Rae8 18. e3 Nf6 19. Ne1 Ne4 20. Nd3 Nf5 21. Bh3
Ned6 22. Re1 R6e7 23. Nc5 Qd8 24. Qf3 Nxd4 25. Qd1 Nxc2 26. Qxc2 Ne4 27. Nd3 Ng5
28. Bg2 d4 29. f4 Ne4 30. Ne5 d3 31. Qb2 f6 32. Ng4 Rf7 33. Nh6+ Kg7 34. Nxf7
Kxf7 35. Qd4 Qxd4 36. exd4 Nc3 37. Kf2 d2 38. Ra1 d1=Q {White resigns} 0-1

[Event "Team 45 45 League T48"]
[Site "Internet Chess Club"]
[Date "2011.03.10"]
[Round "5"]
[White "j65536d"]
[Black "Goli"]
[Result "0-1"]
[WhiteElo "1826"]
[BlackElo "1821"]
[Opening "Robatsch defense: three pawns attack"]
[ECO "B06"]
[Time "16:02:20"]
[TimeControl "2700+45"]

1. e4 g6 2. d4 Bg7 3. f4 d6 4. Nf3 Nf6 5. e5 dxe5 6. fxe5 Nd5 7. Bc4 c6 8. O-O
O-O 9. Nc3 Bg4 10. Ne4 h6 11. c3 Nd7 12. Qd3 Bf5 13. Nh4 Bxe4 14. Qxe4 e6 15.
Bd3 Qe8 16. Bd2 Kh7 17. Nf3 c5 18. Qh4 cxd4 19. cxd4 Qe7 20. Qh3 Nb4 21. Be4
Rac8 22. Bxb7 Rc2 23. Bc3 Nxe5 24. Be4 Re2 25. Nd2 Nec6 26. Bxc6 Nxc6 27. Qd3
Bxd4+ 28. Bxd4 Nxd4 29. Ne4 Qb7 30. Nf6+ Kg7 31. Nh5+ gxh5 32. Qxd4+ e5 {White
resigns} 0-1

[Event "Team 45 45 League T48"]
[Site "Internet Chess Club"]
[Date "2011.03.12"]
[Round "5"]
[White "justice02"]
[Black "ChessicalZ"]
[Result "0-1"]
[WhiteElo "1723"]
[BlackElo "1677"]
[Opening "English opening"]
[ECO "A30"]
[Time "13:01:19"]
[TimeControl "2700+45"]

1. Nf3 Nf6 2. c4 c5 3. b3 b6 4. g3 Bb7 5. Bg2 e6 6. Bb2 Be7 7. O-O O-O 8. Na3 d6
9. d4 cxd4 10. Qxd4 Nc6 11. Qc3 d5 12. cxd5 Bb4 13. Qd3 Nxd5 14. Rfd1 Qe7 15.
Nc2 Bc5 16. a3 Rfd8 17. b4 Bd6 18. e4 Nc7 19. Qe2 e5 20. h4 b5 21. Rd3 a5 22.
bxa5 Nxa5 23. Rad1 Nc4 24. Bc1 h6 25. Nd2 Nb6 26. Nb3 Ne6 27. Qg4 Kh7 28. Bf1
Qc7 29. Qe2 Nc4 30. Qe1 Nc5 31. Nxc5 Bxc5 32. Rxd8 Rxd8 33. Rxd8 Qxd8 34. Bxc4
bxc4 35. Qe2 Qd3 36. Qxd3 cxd3 37. Ne3 Bxe4 38. Kf1 Bd4 39. Bd2 Kg6 40. a4 f5
41. a5 Kf6 42. a6 Ke6 43. Bb4 g6 44. Nc4 Ba8 45. Nd6 Kd5 46. Nf7 Kc4 47. Bd2 h5
48. Nh8 Bc3 49. Ke1 f4 50. Nxg6 fxg3 51. fxg3 e4 52. Kd1 Kd4 53. Nf4 Bxd2 54.
Kxd2 e3+ 55. Kd1 Bf3+ 56. Kc1 d2+ {White resigns} 0-1

[Event "Team 45 45 League T48"]
[Site "Internet Chess Club"]
[Date "2011.03.13"]
[Round "5"]
[White "Tjet"]
[Black "sdcohle"]
[Result "1-0"]
[WhiteElo "1540"]
[BlackElo "1409"]
[Opening "English, 1...Nf6 (Anglo-Indian defense)"]
[ECO "A15"]
[Time "21:30:13"]
[TimeControl "2700+45"]

1. c4 Nf6 2. g3 Nc6 3. Bg2 b6 4. e4 Bb7 5. d3 e5 6. Ne2 Be7 7. O-O O-O 8. Nbc3
h6 9. a3 a6 10. Nd5 Bd6 11. Nxf6+ Qxf6 12. Be3 a5 13. Rb1 Qe7 14. f4 exf4 15.
Nxf4 Rab8 16. Nd5 Qd8 17. Bxh6 Ne5 18. Bf4 Bxd5 19. cxd5 Qe7 20. Rc1 Ng6 21.
Bxd6 Qxd6 22. Rc2 b5 23. Qc1 Rfc8 24. Qe3 f6 25. Rfc1 Ne5 26. Bf1 c6 27. dxc6
dxc6 28. d4 Ng4 29. Qb3+ Kh8 30. Qd3 Rc7 31. Bh3 Nh6 32. Qe3 Rbc8 33. Bxc8 Rxc8
34. d5 Nf7 35. dxc6 Ne5 36. Kg2 Nc4 37. Rxc4 bxc4 38. Rxc4 Rxc6 39. Rxc6 Qxc6
40. Qe2 a4 41. Qh5+ Kg8 42. Qd5+ Qxd5 43. exd5 Kf8 44. Kf3 Ke7 45. Ke4 g6 46. g4
Kd6 47. Kd4 f5 48. gxf5 gxf5 49. h4 f4 50. Ke4 f3 51. Kxf3 Kxd5 52. h5 Ke6 53.
Ke3 Kf6 54. Kd3 Kg5 55. Kc4 Kxh5 56. Kb4 Kg6 57. Kxa4 Kf6 58. Kb5 Ke6 59. Kc6
Ke7 60. Kc7 {Black resigns} 1-0

[Event "Team 45 45 League T48"]
[Site "Internet Chess Club"]
[Date "2011.03.14"]
[Round "5"]
[White "fuzzface"]
[Black "alaskauk"]
[Result "0-1"]
[WhiteElo "1388"]
[BlackElo "1447"]
[Opening "English: Caro-Kann defensive system"]
[ECO "A11"]
[Time "10:00:59"]
[TimeControl "2700+45"]

1. c4 c6 2. g3 g6 3. Nc3 Nf6 4. Bg2 Bg7 5. b3 O-O 6. Bb2 d6 7. Ne4 Nxe4 8. Bxg7
Nxf2 9. Kxf2 Kxg7 10. Nf3 Nd7 11. d4 Nf6 12. Re1 Ng4+ 13. Kg1 Ne3 14. Qd2 Nxg2
15. Kxg2 Bf5 16. e4 Bg4 17. Ng1 Qc7 18. h3 Bd7 19. Re3 Rad8 20. Rae1 e5 21. Qc3
f6 22. g4 Rf7 23. Rg3 Rdf8 24. Nf3 h6 25. c5 Bc8 26. h4 Qe7 27. Qd2 dxc5 28. g5
fxg5 29. hxg5 h5 30. Nxe5 Rf2+ 31. Qxf2 Rxf2+ 32. Kxf2 cxd4 33. Nd3 Bg4 34. e5
Qxg5 35. e6 Qf6+ 36. Kg1 Bxe6 37. Ne5 Bf5 38. Rf3 Qg5+ 39. Kf2 Qh4+ 40. Rg3 Qf4+
41. Nf3 Bg4 42. Kg2 g5 43. Rf1 Qe4 44. Kh2 h4 45. Nxh4 gxh4 46. Rxg4+ Qxg4 47.
Rg1 Qxg1+ 48. Kxg1 Kg6 49. Kf2 Kf5 50. Kf3 h3 51. Kg3 Ke4 52. Kxh3 Kd3 53. Kg2
Kc2 54. Kf2 d3 {White resigns} 0-1

[Event "Team 45 45 League T48"]
[Site "Internet Chess Club"]
[Date "2011.03.11"]
[Round "5"]
[White "malihini"]
[Black "Just-Jim"]
[Result "0-1"]
[WhiteElo "1191"]
[BlackElo "1364"]
[Opening "King's pawn game"]
[ECO "C50"]
[Time "19:00:31"]
[TimeControl "2700+45"]

1. e4 e5 2. Nf3 Nc6 3. Bc4 h6 4. c3 Nf6 5. d3 Bc5 6. O-O d5 7. exd5 Nxd5 8. Re1
Bg4 9. Nbd2 O-O 10. Ne4 Bb6 11. b4 f5 12. Qb3 Bxf3 13. Bxd5+ Kh8 14. gxf3 fxe4
15. fxe4 Qh4 16. Be3 Bxe3 17. Rxe3 Qxf2+ {White resigns} 0-1

[Event "Team 45 45 League T48"]
[Site "Internet Chess Club"]
[Date "2011.03.12"]
[Round "5"]
[White "Toalla"]
[Black "dpmdpm"]
[Result "1/2-1/2"]
[WhiteElo "1228"]
[BlackElo "1519"]
[Opening "Queen's pawn game"]
[ECO "D02"]
[Time "14:02:24"]
[TimeControl "2700+45"]

1. Nf3 d5 2. d4 e6 3. g3 Nf6 4. Bg2 Be7 5. O-O Nbd7 6. c4 c6 7. cxd5 cxd5 8. Nc3
a6 9. a4 O-O 10. Bg5 b6 11. Rc1 Bb7 12. Re1 Rc8 13. Nd2 Bd6 14. e4 dxe4 15.
Ndxe4 Bxe4 16. Nxe4 Be7 17. Nc3 Re8 18. Qf3 h6 19. Be3 Nh7 20. Ne4 Ndf6 21. Rxc8
Qxc8 22. Rc1 Qd7 23. Nxf6+ Bxf6 24. Qc6 Qxc6 25. Rxc6 b5 26. axb5 axb5 27. Rb6
Rd8 28. Rxb5 Bxd4 29. Bxd4 Rxd4 30. Rb8+ Nf8 31. Bc6 g5 32. b4 Kg7 33. b5 Nd7
34. Bxd7 Rxd7 35. b6 Rd5 36. g4 Kf6 37. Kg2 Rb5 38. b7 Ke7 39. Kf3 Kd7 40. Rf8
Rxb7 41. Rxf7+ Kc6 42. Rxb7 Kxb7 43. Ke4 Kc7 44. Ke5 Kd7 45. f3 Ke7 46. h3 Kf7
47. f4 gxf4 48. Kxf4 Kf6 49. h4 e5+ 50. Ke3 Kg6 51. Ke4 Kf6 52. g5+ hxg5 53.
hxg5+ Kxg5 54. Kxe5 {Game drawn because neither player has mating material}
1/2-1/2

[Event "Team 45 45 League T48"]
[Site "Internet Chess Club"]
[Date "2011.03.15"]
[Round "5"]
[White "OOB1"]
[Black "pudge"]
[Result "0-1"]
[WhiteElo "1421"]
[BlackElo "1425"]
[Opening "Four knights: Scotch, 4...exd4"]
[ECO "C47"]
[Time "21:09:12"]
[TimeControl "2700+45"]

1. e4 e5 2. Nf3 Nc6 3. Nc3 Nf6 4. d4 exd4 5. Nxd4 Nxd4 6. Qxd4 d6 7. Bb5+ Bd7 8.
Bg5 Be7 9. e5 dxe5 10. Qxe5 O-O 11. O-O-O c6 12. Bd3 Re8 13. Ne4 Nxe4 14. Bxe7
Rxe7 15. Qf4 Nf6 16. f3 Qa5 17. Kb1 Rae8 18. g4 h6 19. h4 Nd5 20. Qc1 Qb6 21.
Be4 Nc3+ 22. Ka1 Nxd1 23. Rxd1 Be6 24. g5 Qa6 25. a3 Qc4 26. b3 Qc3+ 27. Kb1 h5
28. Ka2 a5 29. Rd3 Bxb3+ 30. Kb1 Qxc2+ 31. Qxc2 Bxc2+ 32. Kxc2 g6 33. Kb3 c5 34.
Ka4 b6 35. Rd6 Re6 36. Rd7 Rb8 37. Kb5 Rbe8 38. Bd5 R6e7 39. Rd6 Re5 40. Kxb6
Re3 41. Kxc5 Rxa3 42. Rd7 Rf8 43. Kb5 Ra1 44. Ra7 Rh1 45. Rxa5 Rxh4 46. Ra7 Rf4
47. Be4 Re8 48. Ra4 Re5+ 49. Kc6 h4 50. Kd6 Rxg5 51. Ra1 h3 52. Rh1 Rh4 53. Ke7
h2 54. Kf6 Rg1 55. f4 Rxf4+ 56. Ke5 Rh4 57. Bf3 Rxh1 58. Bxh1 Ra4 59. Bd5 Kg7
60. Bc6 Ra1 61. Kf4 h1=Q 62. Bxh1 Rxh1 63. Kg3 Ra1 64. Kf4 f6 65. Kg3 Ra4 66.
Kf3 g5 67. Kg3 Kg6 68. Kf3 f5 69. Kg3 Ra3+ 70. Kf2 g4 71. Kg2 Kg5 72. Kf2 f4 73.
Ke2 Ra2+ 74. Kf1 g3 75. Kg1 f3 76. Kf1 {White resigns} 0-1

[Event "Team 45 45 League T48"]
[Site "Internet Chess Club"]
[Date "2011.03.12"]
[Round "5"]
[White "Bamilus"]
[Black "Visin"]
[Result "1-0"]
[WhiteElo "1272"]
[BlackElo "1270"]
[Opening "Evans gambit declined, 5.a4"]
[ECO "C51"]
[Time "15:00:36"]
[TimeControl "2700+45"]

1. e4 e5 2. Nf3 Nc6 3. Bc4 Bc5 4. b4 Bb6 5. a4 a6 6. a5 Ba7 7. Ba3 d6 8. O-O Bg4
9. c3 Nge7 10. Bxf7+ Kxf7 11. Ng5+ Kg8 12. Qxg4 Qc8 13. Qe6+ Qxe6 14. Nxe6 Rc8
15. Rd1 h6 16. d4 Kf7 17. d5 Nb8 18. c4 b5 19. c5 dxc5 20. bxc5 c6 21. f4 cxd5
22. exd5 exf4 23. Nc3 Nxd5 24. Nxd5 Kxe6 25. Nxf4+ Kf7 26. Rf1 Rhe8 27. Nd5+ Kg8
28. Nb6 Rcd8 29. Rac1 Nc6 30. Kh1 Nxa5 31. c6 Bxb6 32. c7 Bxc7 33. Rxc7 Rc8 34.
Rcf7 Nc4 35. Bb4 a5 36. Bc3 Ne5 37. Bxe5 Rxe5 38. Ra7 Rce8 39. Rxa5 Re1 40. Kg1
Rxf1+ 41. Kxf1 Rb8 42. Ke2 b4 43. Ra1 g5 44. Rb1 Kg7 45. g4 Kf6 46. Kd3 Ke5 47.
Ke3 b3 48. h3 b2 49. Kd2 Kf4 50. Ke2 Kg3 51. Ke3 Rb3+ 52. Ke4 Kxh3 53. Kf5 Kg2
54. Kg6 Rb6+ 55. Kh5 Kf2 56. Rf1+ Ke2 57. Rf2+ Kd3 58. Rf3+ Kc4 59. Rc3+ Kd5 60.
Rd3+ Kc4 61. Rc3+ Kd5 62. Rd3+ Ke6 63. Re3+ Kf7 64. Re7+ Kf6 65. Rf7+ Ke5 66.
Rf5+ Ke4 67. Re5+ Kf4 68. Rf5+ Ke4 69. Re5+ Kf3 70. Rf5+ Ke2 71. Rf2+ Kd1 72.
Rf1+ Kc2 73. Rf2+ Kb3 74. Rxb2+ Kc4 75. Rxb6 Kd4 76. Rxh6 Ke4 77. Kxg5 {Black
resigns} 1-0

[Event "Team 45 45 League T48"]
[Site "Internet Chess Club"]
[Date "2011.03.13"]
[Round "5"]
[White "MateIn42"]
[Black "medsurg"]
[Result "0-1"]
[WhiteElo "1455"]
[BlackElo "1331"]
[Opening "Scotch game"]
[ECO "C45"]
[Time "20:00:13"]
[TimeControl "2700+45"]

1. e4 e5 2. Nf3 Nc6 3. d4 exd4 4. Nxd4 Bc5 5. Nxc6 Qf6 6. Qe2 bxc6 7. e5 Qe6 8.
Bf4 Ne7 9. Qc4 d6 10. Be2 Qxc4 11. Bxc4 dxe5 12. Bxe5 O-O 13. Bxc7 Nd5 14. Bxd5
Re8+ 15. Kd2 cxd5 16. Nc3 Bb7 17. f3 Be3+ 18. Kd1 a6 19. a4 Rac8 20. Bg3 d4 21.
Ne4 Bxe4 22. fxe4 Rxe4 23. Re1 f5 24. Ra3 Rce8 25. Rd3 g5 26. h3 f4 27. Bh2 Bf2
28. Rxe4 Rxe4 29. Rd2 Re1# {White checkmated} 0-1

[Event "Team 45 45 League T48"]
[Site "Internet Chess Club"]
[Date "2011.03.14"]
[Round "5"]
[White "DaMelch"]
[Black "reverendjim"]
[Result "0-1"]
[WhiteElo "1195"]
[BlackElo "1341"]
[Opening "Caro-Kann: advance variation"]
[ECO "B12"]
[Time "19:02:00"]
[TimeControl "2700+45"]

1. e4 c6 2. d4 d5 3. e5 Bf5 4. Nf3 e6 5. Be2 c5 6. c3 Ne7 7. O-O Nec6 8. Nbd2
Nd7 9. h3 h6 10. g4 Bh7 11. a3 Be7 12. b4 cxd4 13. cxd4 Qb6 14. Nb3 a6 15. Be3
O-O 16. Nc5 Qc7 17. Rc1 Ndb8 18. a4 Bxc5 19. bxc5 b6 20. cxb6 Qxb6 21. Qd2 Qa5
22. Qxa5 Nxa5 23. Bd2 Nb3 24. Rcd1 Nxd2 25. Rxd2 Rc8 26. Rfd1 a5 27. g5 hxg5 28.
Nxg5 Nd7 29. Nxh7 Kxh7 30. Bd3+ Kh6 31. f4 Nb6 32. Ra1 Nc4 33. Bxc4 Rxc4 34.
Rdd1 Rb8 35. Kf2 Rbb4 36. Ke3 Rxa4 37. Rxa4 Rxa4 38. Kf3 Rc4 39. Kg4 a4 40. h4
Rc8 41. Ra1 Ra8 42. f5 a3 43. fxe6 fxe6 44. h5 Ra4 {White resigns} 0-1

[Event "Team 45 45 League T48"]
[Site "Internet Chess Club"]
[Date "2011.03.09"]
[Round "5"]
[White "civilization"]
[Black "randallsr"]
[Result "1/2-1/2"]
[WhiteElo "1750"]
[BlackElo "1790"]
[Opening "French: advance, Nimzovich system"]
[ECO "C02"]
[Time "19:37:27"]
[TimeControl "2700+45"]

1. e4 e6 2. d4 d5 3. e5 c5 4. Nf3 Qb6 5. Bd3 Nc6 6. a3 cxd4 7. b4 h6 8. O-O Nge7
9. Re1 a6 10. Nbd2 Na7 11. Nb3 Nec6 12. Nfxd4 Bd7 13. Nxc6 Bxc6 14. Be3 Qc7 15.
Bf4 Bb5 16. Rc1 Bc4 17. Na5 b5 18. Qe2 f5 19. h3 g6 20. Nb3 Nc6 21. Bh2 a5 22.
bxa5 Bxa3 23. Ra1 Bb4 24. Rec1 Bc3 25. Rab1 Kf7 26. f4 Nd4 27. Qe3 Qa7 28. Kh1
Nxb3 29. Qxa7+ Rxa7 30. Rxb3 Bxb3 31. cxb3 b4 32. a6 Rd8 33. Bg1 d4 34. Rc2 g5
35. g3 Rad7 36. Kg2 gxf4 37. gxf4 Rd5 38. Ra2 Ra8 39. Kf3 Rdd8 40. Ra5 Rdc8 41.
Bf2 Rc6 42. Be2 Bb2 43. Bc4 Rxc4 44. bxc4 Bc3 45. Ke2 b3 46. Rb5 Rxa6 47. Rxb3
Ra2+ 48. Kf1 Ra4 49. Ke2 Ra2+ {Game drawn by mutual agreement} 1/2-1/2

[Event "Team 45 45 League T48"]
[Site "Internet Chess Club"]
[Date "2011.03.10"]
[Round "5"]
[White "Signalman"]
[Black "crazyhorses"]
[Result "0-1"]
[WhiteElo "1543"]
[BlackElo "1572"]
[Opening "Sicilian, Chekhover variation"]
[ECO "B53"]
[Time "13:31:44"]
[TimeControl "2700+45"]

1. e4 c5 2. Nf3 d6 3. d4 cxd4 4. Qxd4 Nc6 5. Bb5 Bd7 6. Bxc6 Bxc6 7. Nc3 Nf6 8.
Bg5 e5 9. Qd3 Be7 10. O-O-O Qb6 11. Bh4 Rd8 12. Rd2 Qb4 13. Bxf6 Bxf6 14. Re1
O-O 15. Qe3 Qa5 16. Red1 Be7 17. Kb1 Rfe8 18. Ng5 h6 19. Nh3 Bf8 20. Rd3 b5 21.
Nd5 b4 22. f4 Bb5 23. Rb3 Bc4 24. Rdd3 Bxb3 25. Rxb3 Rb8 26. g3 f5 27. Nf2 exf4
28. gxf4 Rb5 29. Qd4 fxe4 30. Nxb4 Qb6 31. Qc4+ Kh8 32. a3 Rxb4 33. Rxb4 Qxf2
34. Qf7 Rc8 35. Qf5 Qxc2+ 36. Ka2 e3 37. Qxc2 Rxc2 38. Re4 e2 39. Kb3 e1=Q 40.
Rxe1 Rxh2 41. Re8 Kg8 42. Re4 Rf2 43. Ra4 h5 44. Rc4 h4 45. f5 h3 46. Rh4 h2 47.
a4 a5 48. Kc3 d5 49. Rh5 Bd6 50. Kd4 Rd2+ 51. Kc3 Rd1 52. Rxh2 Bxh2 53. Kc2 Rf1
54. Kc3 Be5+ 55. Kd3 Rxf5 56. Kc2 g5 {White resigns} 0-1

[Event "Team 45 45 League T48"]
[Site "Internet Chess Club"]
[Date "2011.03.14"]
[Round "5"]
[White "ElmerHo"]
[Black "rahulr"]
[Result "1/2-1/2"]
[WhiteElo "1562"]
[BlackElo "1607"]
[Opening "Alekhine's defense: modern variation, 4...Bg4"]
[ECO "B05"]
[Time "20:00:14"]
[TimeControl "2700+45"]

1. e4 Nf6 2. e5 Nd5 3. d4 d6 4. Nf3 Bg4 5. Be2 e6 6. O-O Nc6 7. c4 Nb6 8. exd6
cxd6 9. d5 exd5 10. cxd5 Bxf3 11. Bxf3 Ne5 12. Be2 Be7 13. Bb5+ Nbd7 14. Re1 O-O
15. Nc3 Rc8 16. Be3 a6 17. Bf1 Nc4 18. Bxc4 Rxc4 19. Rc1 Ne5 20. b3 Rc8 21. h3
f5 22. Qd2 Ng6 23. f4 Bf6 24. Ne2 Rxc1 25. Rxc1 Re8 26. Nd4 Bxd4 27. Bxd4 Qe7
28. g3 Qd7 29. Re1 Re4 30. Kf2 Ne7 31. Rxe4 fxe4 32. Qe3 Qf5 33. g4 Qxd5 34. Qc3
Qc6 35. Bxg7 Qxc3 36. Bxc3 Nd5 37. Bd2 Kf7 38. h4 Kf6 39. a3 b5 40. b4 Kg6 41.
h5+ Kf6 42. Ke2 Ke6 43. Kf2 Kf6 44. Ke2 Ke6 45. Kf2 Kf6 46. Ke2 Ke6 {Game drawn
by repetition} 1/2-1/2

[Event "Team 45 45 League T48"]
[Site "Internet Chess Club"]
[Date "2011.03.13"]
[Round "5"]
[White "werty"]
[Black "allanchs"]
[Result "1-0"]
[WhiteElo "1587"]
[BlackElo "1490"]
[Opening "Queen's pawn game"]
[ECO "D05"]
[Time "14:30:08"]
[TimeControl "2700+45"]

1. d4 d5 2. Nf3 Nf6 3. e3 e6 4. c4 Be7 5. Nc3 Nbd7 6. cxd5 exd5 7. Bd3 O-O 8.
O-O c6 9. Qc2 h6 10. h3 Re8 11. Re1 Nf8 12. a4 Ne6 13. b3 Bb4 14. Bd2 Bd7 15.
Ne5 Bd6 16. Nxd7 Qxd7 17. Re2 Qc7 18. Rae1 Rad8 19. Bf5 Ng5 20. e4 Ngxe4 21.
Nxe4 dxe4 22. Bxe4 Kf8 23. Bf3 Rxe2 24. Rxe2 Re8 25. Rxe8+ Nxe8 26. d5 c5 27.
Qh7 Nf6 28. Qh8+ Ng8 29. Be4 g6 30. Bxh6+ {Black resigns} 1-0

[Event "Team 45 45 League T48"]
[Site "Internet Chess Club"]
[Date "2011.03.13"]
[Round "5"]
[White "subterfuge"]
[Black "bayoumicardio10"]
[Result "1-0"]
[WhiteElo "1743"]
[BlackElo "1647"]
[Opening "Pirc defense"]
[ECO "B07"]
[Time "18:00:17"]
[TimeControl "2700+45"]

1. d4 Nf6 2. Nc3 g6 3. e4 d6 4. f3 Bg7 5. Be3 c6 6. Qd2 b5 7. Bd3 a5 8. g4 Nxg4
9. fxg4 Bxg4 10. Nce2 Na6 11. c3 Rb8 12. h3 Bd7 13. Nf3 Qc8 14. Bh6 O-O 15.
O-O-O b4 16. c4 Bxh3 17. Bxg7 Kxg7 18. Nf4 Bg4 19. Rdf1 h5 20. Nxh5+ Bxh5 21.
Rxh5 gxh5 22. Qg5+ Kh8 23. Rh1 Qg4 24. Rxh5+ Qxh5 25. Qxh5+ Kg8 26. e5 f5 27.
Bxf5 Rf7 28. Ng5 Rbf8 29. Be6 {Black resigns} 1-0

[Event "Team 45 45 League T48"]
[Site "Internet Chess Club"]
[Date "2011.03.09"]
[Round "5"]
[White "Innes"]
[Black "nursey"]
[Result "1-0"]
[WhiteElo "1646"]
[BlackElo "1564"]
[Opening "Scotch: Göring gambit"]
[ECO "C44"]
[Time "14:10:51"]
[TimeControl "2700+45"]

1. e4 e5 2. Nf3 Nc6 3. d4 exd4 4. c3 dxc3 5. Nxc3 Bb4 6. Bc4 Qf6 7. Bd2 Ne5 8.
Nxe5 Qxe5 9. O-O Nf6 10. Qb3 Bd6 11. Bxf7+ Kf8 12. g3 b6 13. Bf4 Qe7 14. Bxd6
Qxd6 15. Rad1 Qe7 16. Bc4 Bb7 17. Rfe1 Ng4 18. Nd5 Bxd5 19. Rxd5 Nf6 20. Rf5 g6
21. Rf3 Ke8 22. Qc3 Rf8 23. e5 Ng4 24. h3 Nh6 25. e6 Rxf3 26. Qxf3 dxe6 27.
Qxa8+ Kf7 28. Qf3+ Kg7 29. Rxe6 Qd8 30. Qc3+ Kf8 31. Qh8+ Ng8 32. Qxg8+ {Black
resigns} 1-0

[Event "Team 45 45 League T48"]
[Site "Internet Chess Club"]
[Date "2011.03.11"]
[Round "5"]
[White "Sirian"]
[Black "MCJR"]
[Result "1-0"]
[WhiteElo "1553"]
[BlackElo "1460"]
[Opening "Bird's opening"]
[ECO "A03"]
[Time "20:04:42"]
[TimeControl "2700+45"]

1. f4 d5 2. Nf3 Nf6 3. e3 Bg4 4. h3 Bf5 5. b3 h6 6. c4 e6 7. Bb2 Nbd7 8. Nd4 Bh7
9. Nc3 c6 10. Be2 Be7 11. O-O O-O 12. cxd5 exd5 13. d3 Re8 14. a3 c5 15. Nf3 Qc7
16. a4 a6 17. Qd2 Bd6 18. d4 cxd4 19. Nxd4 Nb6 20. Bd3 Ne4 21. Bxe4 dxe4 22.
Ndb5 axb5 23. Nxb5 Qd7 24. Qxd6 Qxd6 25. Nxd6 Re7 26. Rac1 Rd8 27. Nb5 Red7 28.
Nd4 Nd5 29. Ba3 Nxe3 30. Rfe1 Rxd4 31. Rxe3 Rd3 32. Bc5 Rc8 33. Kf2 Rd2+ 34. Re2
Rd3 35. Re3 Rd2+ 36. Re2 Rd3 37. b4 b6 38. Be3 Rxc1 39. Bxc1 Rd4 40. Rb2 Kf8 41.
a5 bxa5 42. bxa5 Ra4 43. Bd2 Ke7 44. Rb6 Bf5 45. Ke3 Be6 46. Bb4+ Kf6 47. Kxe4
g6 48. g4 Kg7 49. f5 gxf5+ 50. gxf5 Bb3 51. Kd3 Bd5 52. Ke3 Bg2 53. Bc3+ f6 54.
a6 h5 55. Bxf6+ Kf7 56. Bd4 Ra3+ 57. Kf4 Rf3+ 58. Ke5 Ra3 59. Rf6+ Ke7 60. Bc5+
Kd7 61. Bxa3 {Black resigns} 1-0

[Event "Team 45 45 League T48"]
[Site "Internet Chess Club"]
[Date "2011.03.12"]
[Round "5"]
[White "Visin"]
[Black "radiohead"]
[Result "1-0"]
[WhiteElo "1287"]
[BlackElo "1391"]
[Opening "Sicilian: O'Kelly variation"]
[ECO "B28"]
[Time "09:00:48"]
[TimeControl "2700+45"]

1. e4 c5 2. Nf3 a6 3. d4 cxd4 4. Nxd4 Nf6 5. Nc3 e5 6. Nf3 Bb4 7. Bd3 d6 8. h3
h6 9. Bd2 Be6 10. O-O O-O 11. a3 Bc5 12. Re1 b5 13. b4 Bb6 14. a4 Nc6 15. Ne2
bxa4 16. Rxa4 a5 17. b5 Ne7 18. c4 Nd7 19. Qb1 Nc5 20. Ra1 Qc7 21. Rc1 Qd7 22.
Nc3 Ng6 23. Nd5 Bd8 24. b6 a4 25. Kf1 Qc6 26. Bc2 Bxd5 27. cxd5 Qxb6 28. Qxb6
Bxb6 29. Rcb1 Bd8 30. Ra3 Nh4 31. Be3 Nxf3 32. gxf3 Nd7 33. Rxa4 Be7 34. Rba1
Rxa4 35. Rxa4 Nf6 36. Bd3 Nh7 37. Ra7 Bg5 38. Rd7 Bxe3 39. fxe3 Ng5 40. Kg2 f6
41. Rxd6 Ra8 42. Ra6 Rb8 43. Ra2 Rb3 44. Rd2 Nf7 45. f4 Rc3 46. Kf2 g5 47. Kf3
h5 48. fxe5 Nxe5+ 49. Ke2 g4 50. hxg4 hxg4 51. d6 Kf8 52. Bb5 Rd3 {Black
resigns} 1-0

[Event "Team 45 45 League T48"]
[Site "Internet Chess Club"]
[Date "2011.03.11"]
[Round "5"]
[White "playwaycool"]
[Black "Ptzz"]
[Result "1/2-1/2"]
[WhiteElo "2102"]
[BlackElo "2103"]
[Opening "QGD Slav: exchange variation"]
[ECO "D13"]
[Time "14:00:05"]
[TimeControl "2700+45"]

1. d4 d5 2. c4 c6 3. cxd5 cxd5 4. Nf3 Nf6 5. Nc3 Nc6 6. Bf4 a6 7. Rc1 Bf5 8. e3
Rc8 9. a3 e6 10. Bd3 Bxd3 11. Qxd3 Bd6 12. Bxd6 Qxd6 13. O-O O-O 14. Na4 Nd7 15.
Nc5 Nxc5 16. Rxc5 e5 17. Nd2 exd4 18. exd4 Qf6 19. Nb3 Rcd8 20. Re1 Rfe8 21. Re3
Qg6 22. Qxg6 hxg6 23. Rxd5 Rxd5 24. Rxe8+ Kh7 25. Kf1 a5 26. a4 Nxd4 27. Nxd4
Rxd4 28. Re5 Rxa4 29. Rb5 g5 30. Rxb7 Kg6 31. Ke2 g4 32. Rb6+ f6 33. Ke3 Kg5 34.
Rb5+ f5 35. f3 gxf3 36. Kxf3 g6 37. g3 Ra2 38. h4+ Kf6 39. Ke3 a4 40. Kf4 a3 41.
Rb6+ Kf7 42. Rb7+ Kf6 43. Rb6+ Kf7 44. h5 gxh5 45. bxa3 Rxa3 46. Rh6 Ra5 47.
Rxh5 Kg6 48. Rh8 Ra4+ 49. Kf3 Ra3+ 50. Kg2 Kg5 51. Rg8+ Kh5 52. Kh2 Ra2+ 53. Kh3
Ra3 54. Kg2 Kh6 55. Kf2 Kh7 56. Rg5 Ra5 57. Kf3 Kh6 58. Rg8 Kh7 59. Rb8 Kg6 60.
Rb6+ Kg5 61. Rb8 Ra3+ 62. Kg2 Kf6 63. Kh3 Kg5 64. Rg8+ Kh5 65. Kg2 Kh6 66. Kf2
Kh7 67. Rg5 Ra5 68. Kg2 Kh6 69. Rg8 Kh7 70. Rb8 Kh6 71. Kh3 Kg5 72. Rg8+ Kh5 73.
Kh2 Ra2+ 74. Kh3 Ra3 {Game drawn by repetition} 1/2-1/2

[Event "Team 45 45 League T48"]
[Site "Internet Chess Club"]
[Date "2011.03.13"]
[Round "5"]
[White "Jack-ONeill"]
[Black "carokantor"]
[Result "0-1"]
[WhiteElo "2001"]
[BlackElo "1929"]
[Opening "Queen's bishop game"]
[ECO "D02"]
[Time "13:00:37"]
[TimeControl "2700+45"]

1. Nf3 d5 2. d4 Nf6 3. Bf4 e6 4. e3 Bd6 5. Ne5 O-O 6. Nd2 c6 7. Bd3 Qc7 8. c3
Nbd7 9. Ndf3 Ne4 10. Qc2 f5 11. h3 c5 12. g4 c4 13. Be2 b5 14. Rg1 Kh8 15. gxf5
exf5 16. a3 a5 17. Nxd7 Bxd7 18. Ne5 Be6 19. f3 Nf6 20. Bh2 Nd7 21. f4 Nf6 22.
Bf3 Ne4 23. Bxe4 fxe4 24. Qg2 Bxe5 25. dxe5 Rf7 26. Bg3 Qc5 27. Bf2 Rb8 28. Kd2
b4 29. axb4 axb4 30. Ra2 Rfb7 31. Rga1 bxc3+ 32. bxc3 Rb2+ 33. Rxb2 Rxb2+ 34.
Kc1 Qb6 35. Qg4 Rxf2 36. Ra8+ Bg8 37. Rxg8+ Kxg8 38. Qc8+ Kf7 39. Qf5+ Ke8 40.
Qc8+ Ke7 {White resigns} 0-1

[Event "Team 45 45 League T48"]
[Site "Internet Chess Club"]
[Date "2011.03.13"]
[Round "5"]
[White "billscotty"]
[Black "Despair"]
[Result "1/2-1/2"]
[WhiteElo "1814"]
[BlackElo "1969"]
[Opening "Alekhine's defense"]
[ECO "B02"]
[Time "21:00:14"]
[TimeControl "2700+45"]

1. e4 Nf6 2. e5 Nd5 3. c4 Nb6 4. d4 d6 5. Nf3 g6 6. Bf4 Bg7 7. Nc3 Bg4 8. h3
dxe5 9. Bxe5 Bxf3 10. Qxf3 f6 11. Bg3 Nc6 12. O-O-O Nxd4 13. Qxb7 c5 14. Ne4
Bh6+ 15. Kb1 Qc8 16. Qc7 Qxc7 17. Bxc7 Ne6 18. Bg3 O-O 19. Bd3 f5 20. Nc3 f4 21.
Bh2 Bg7 22. Rhe1 Kf7 23. Nd5 Na4 24. Rd2 Rab8 25. b3 Nc3+ 26. Kc1 Rbd8 27. Nxf4
Nxf4 28. Bxf4 Nxa2+ 29. Rxa2 Rxd3 30. Rxa7 Rc3+ 31. Kb1 Rxb3+ 32. Kc2 Rc3+ 33.
Kb1 Bf6 34. Be5 Rxc4 35. Bxf6 Kxf6 36. Rexe7 Rb8+ 37. Reb7 Rxb7+ 38. Rxb7 h5 39.
Rb6+ Kf5 40. Kb2 g5 41. Rh6 h4 42. g3 hxg3 43. fxg3 Ra4 44. Rc6 Rc4 45. Kb3 Rc1
{Game drawn by mutual agreement} 1/2-1/2